Map: [ESL] Cosmic Sapphire

Players

Krystianer - Winner!

  • Race: Protoss Protoss
  • Spawn Location: 11:00

ForJumy

  • Race: Protoss Protoss
  • Spawn Location: 5:00

Event: DreamHack SC2 Masters 2022 Valencia

VOD

Have the link to the VOD?

Description

Time

  • Played on: July 1, 2022, 11:23 a.m.
  • Length: 5:44

All games in this series

Show
View Real Time Build Order
Export as new Build Order

Krystianer Protoss - Winner!

Build Orders: Oracle Opening 

Get SALT Encoding   

  12  0:00  Probe  
  13  0:12  Probe  
  14  0:17  Pylon  
  14  0:24  Probe (Chrono Boost)  
  16  0:36  Probe (Chrono Boost)  
  16  0:37  Gateway  
  16  0:43  Probe (Chrono Boost)  
  16  0:46  Assimilator  
  17  0:50  Probe  
  18  1:03  Probe (Chrono Boost)  
  19  1:04  Assimilator  
  19  1:11  Gateway  
  20  1:12  Probe (Chrono Boost)  
  20  1:17  Probe (Chrono Boost)  
  21  1:25  Cybernetics Core  
  21  1:29  Probe  
  22  1:34  Pylon  
  22  1:41  Probe  
  23  1:53  Probe  
  24  2:01  Stargate  
  24  2:05  Probe  
  24  2:06  Stalker  
  27  2:15  Stalker  
  29  2:17  Pylon  
  29  2:19  Probe  
  30  2:31  Probe  
  31  2:42  Oracle (Chrono Boost)  
  33  2:52  Warp Gate  
  33  2:59  Nexus  
  33  3:02  Probe  
  34  3:14  Probe  
  38  3:20  Oracle (Chrono Boost)  
  38  3:26  Probe  
  39  3:34  Pylon  
  39  3:52  Stalker x2, Probe  
  39  3:53  Pylon  
  44  4:04  Probe  
  44  4:08  Twilight Council  
  45  4:12  Probe  
  45  4:16  Probe  
  47  4:25  Probe (Chrono Boost)  
  47  4:31  Probe (Chrono Boost)  
  46  4:37  Probe (Chrono Boost), Shield Battery  
  47  4:40  Stalker x2  
  47  4:45  Probe x2 (Chrono Boost)  
  50  4:59  Shield Battery  
  47  5:03  Stalker  
  47  5:04  Stalker  
  47  5:05  Probe x2  
  49  5:17  Probe x2  
  46  5:27  Stalker  
  48  5:28  Stalker  
  48  5:29  Probe x2  
Show
View Real Time Build Order
Export as new Build Order

ForJumy Protoss 

Build Orders: Phoenix Opening 

Get SALT Encoding   

  12  0:00  Probe  
  13  0:12  Probe  
  14  0:17  Pylon  
  14  0:24  Probe  
  15  0:35  Gateway  
  15  0:36  Probe (Chrono Boost)  
  16  0:46  Probe (Chrono Boost), Assimilator  
  17  0:51  Probe (Chrono Boost)  
  17  0:55  Assimilator  
  18  1:03  Probe (Chrono Boost)  
  19  1:09  Gateway  
  19  1:13  Probe (Chrono Boost)  
  19  1:18  Probe (Chrono Boost)  
  20  1:25  Cybernetics Core  
  21  1:29  Probe  
  22  1:38  Pylon  
  22  1:41  Probe  
  23  1:56  Probe  
  23  1:59  Warp Gate (Chrono Boost)  
  24  2:01  Stalker  
  24  2:05  Stalker  
  24  2:08  Probe  
  29  2:15  Pylon  
  29  2:26  Probe  
  30  2:38  Stargate  
  30  2:40  Adept x2  
  34  2:50  Pylon  
  34  3:09  Gateway  
  34  3:11  Stalker x2  
  38  3:16  Shield Battery  
  33  3:35  Phoenix (Chrono Boost)  
  35  3:52  Phoenix (Chrono Boost)  
  37  3:58  Stalker  
  37  4:13  Stalker x2  
  39  4:19  Probe  
  40  4:26  Phoenix (Chrono Boost)  
  42  4:36  Stalker  
  44  4:43  Stalker  
  44  4:57  Stalker  
  46  5:05  Zealot  
  46  5:12  Pylon  
  42  5:26  Stalker  
  40  5:40  Stalker  

Tags
 
Add a new tag
Caveats
  • Supply blocks, unpowered buildings, or Contaminate may cause inaccurate times.
  • Supply counts are checked every 10 seconds.